 Dungeon Crawl Stone Soup version 0.26.0-18-gc5c842f807 (webtiles) character file.

Game seed: 2063451250957258377

86 thiole the Sneak (level 4, -5/27 HPs)
             Began as an Octopode Hedge Wizard on Jan 23, 2021.
             Was a Follower of Qazlal.
             Slain by an orc
             ... wielding a +2 trident of protection
              (9 damage)
             ... on level 2 of the Dungeon.
             The game lasted 00:03:50 (3267 turns).

thiole the Sneak (Octopode Hedge Wizard)            Turns: 3267, Time: 00:03:51

Health: -5/27      AC:  1    Str:  9    XL:     4   Next: 50%
Magic:  9/9        EV: 13    Int: 17    God:    Qazlal [*.....]
Gold:   108        SH:  2    Dex: 11    Spells: 1/9 levels left

rFire    . . .     SeeInvis .   a - +0 dagger
rCold    . . .     Faith    .   (no shield)
rNeg     . . .     Spirit   .   b - +0 hat
rPois    .         Reflect  .   (no amulet)
rElec    .         Harm     .   (no ring)
rCorr    .         Rampage  .   (no ring)
Will     .....                  (no ring)
Stlth    +++.......             (no ring)
HPRegen  0.09/turn              (no ring)
MPRegen  0.11/turn              (no ring)
                                (no ring)
                                (no ring)

@: no status effects
A: almost no armour, stealthy swim, amphibious, 8 rings, constrict 8, camouflage
1, gelatinous body 1
a: Renounce Religion


You were on level 2 of the Dungeon.
You worshipped Qazlal.
Qazlal was aware of your devotion.
You visited 1 branch of the dungeon, and saw 3 of its levels.

You collected 108 gold pieces.

Inventory:

Hand Weapons
 a - a +0 dagger (weapon)
Armour
 b - a +0 hat (worn)
Scrolls
 c - 2 scrolls of remove curse {unknown}
 d - a scroll of teleportation {unknown}
 e - 2 scrolls of enchant armour {unknown}
 f - 2 scrolls of magic mapping {unknown}
 g - a scroll of amnesia {unknown}
 h - a scroll of identify {unknown}
 i - a scroll of fear {unknown}


   Skills:
 - Level 2.0 Dodging
 + Level 3.6 Stealth
 + Level 3.3 Spellcasting
 * Level 2.5 Conjurations
 - Level 2.0 Summonings
 - Level 1.0 Translocations
 * Level 0.9 Air Magic


You had one spell level left.
You knew the following spells:

 Your Spells              Type           Power        Failure   Level
a - Magic Dart            Conj           44%          6%          1
b - Call Imp              Summ           9%           11%         2
c - Slow                  Hex            2%           26%         2
d - Mephitic Cloud        Conj/Pois/Air  6%           30%         3

Your spell library contained the following spells:

 Spells                   Type           Power        Failure   Level
 Blink                    Tloc           N/A          17%         2
 Conjure Flame            Conj/Fire      7%           30%         3


Dungeon Overview and Level Annotations

Branches:
Dungeon (3/15)

Altars:
Qazlal


Innate Abilities, Weirdness & Mutations

You cannot wear most types of armour.
You are very stealthy in the water. (Stealth+)
You are amphibious.
You can wear up to eight rings at the same time.
You can use your tentacles to constrict eight enemies at once.
Your skin changes colour to match your surroundings (Stealth+).
Your rubbery body absorbs attacks. (AC +1, EV +1)


Message History

You hit the orc but do no damage.
The orc is moderately wounded.
You constrict the orc. The orc hits you with a +0 club.
The orc hits you with a +2 trident of protection.
* * * LOW HITPOINT WARNING * * *
You hit the orc.
The orc is severely wounded.
You constrict the orc.
You kill the orc!
Qazlal accepts your kill.
You barely miss the orc. Your grab misses the orc.
The orc hits you with a +2 trident of protection.
* * * LOW HITPOINT WARNING * * *
You closely miss the orc. You grab the orc.
You squeeze the orc, but do no damage.
You constrict the orc, but do no damage.
You block the orc's attack.
You completely miss the orc. You constrict the orc.
The orc hits you with a +2 trident of protection!
You die...

#.# #.#
#.#########. #.#
#.# #.########..
#.# #.#
#........... #.#
#.# ##########..
#.# #.# ####.....
#.#####.#
#....###.
#.......# #.####
#. #.#####o# #.#
#. #.# #@# #.# #.
#.# #)# #.# #. #.#
#.# ##.######.
#.#####.#
#.........
#.......#
#..#######
####.#.## #####..#
#.#.####......#
#.#..........##
####.###.##.###†.#


You could see an orc.

Vanquished Creatures
  2 adders
  A worm (D:2)
  A dart slug (D:1)
  3 leopard geckos
  6 orcs
  8 bats
  3 giant cockroaches (D:1)
  8 goblins
  6 hobgoblins
  4 kobolds
  A ball python (D:2)
  3 frilled lizards
  5 rats
51 creatures vanquished.

Notes
Turn   | Place    | Note
-------+----------+-------------------------------------------
     0 | D:1      | thiole the Octopode Hedge Wizard began the quest for the
                  | Orb.
     0 | D:1      | Reached XP level 1. HP: 11/11 MP: 4/4
   321 | D:1      | Reached XP level 2. HP: 17/17 MP: 4/6
  1231 | D:1      | Reached XP level 3. HP: 21/21 MP: 1/7
  1234 | D:1      | Learned a level 2 spell: Call Imp
  1237 | D:1      | Learned a level 2 spell: Slow
  1241 | D:1      | Learned a level 3 spell: Mephitic Cloud
  2725 | D:2      | Found a faded altar of an unknown god.
  2731 | D:2      | Became a worshipper of Qazlal Stormbringer
  2731 | D:2      | Reached * piety under Qazlal
  2805 | D:3      | Reached XP level 4. HP: 27/27 MP: 5/8
  3267 | D:2      | Slain by an orc

Illustrated notes

Levels and vault maps discovered:
D:1:      elethiomel_arrival_quiet, layout_basic
D:2:      layout_loops_ring, chequers_ecumenical_altar_grove
D:3:      layout_basic, kennysheep_okawaru_gauntlet

Skill      XL: |  1  2  3 |
---------------+----------+-----
Stealth        | 3 |  3.6
Conjurations   | 2 |  2.5
Summonings     | 2 |  2.0
Dodging        | |  2.0
Spellcasting   | |  3.3
Translocations | |  1.0
Air Magic      | |  0.9

Action                   |  1- 3 |  4- 6 || total
-------------------------+-------+-------++-------
Melee: Dagger            |    19 |    27 ||    46
       Constrict         |     5 |     9 ||    14
       Tentacles         |     2 |     5 ||     7
 Cast: Magic Dart        |    98 |    18 ||   116
Armor: Skin              |     2 |     2 ||     4
Dodge: Dodged            |    26 |    23 ||    49
Block: Other             |       |     5 ||     5
